 Dungeon Crawl Stone Soup version 0.27.1-1-g398f81649c (webtiles) character file.

Game seed: 17739758478541986968

35175 Kala the Cleaver (level 13, 0/121 HPs)
             Began as a Deep Dwarf Fighter on Sept 8, 2021.
             Was an Elder of Makhleb.
             Slain by a spark wasp (19 damage)
             ... on level 2 of the Spider Nest.
             The game lasted 00:59:15 (11444 turns).

Kala the Cleaver (Deep Dwarf Fighter)              Turns: 11444, Time: 00:59:16

Health: 0/121      AC: 26    Str: 32    XL:     13   Next: 46%
Magic:  0/18       EV:  5    Int:  4    God:    Makhleb [****..]
Gold:   513        SH: 30    Dex: 12    Spells: 11/12 levels left

rFire    + . .     SeeInvis .   B - +9 hand axe "Byetuare" {vamp, rN+}
rCold    . . .     Faith    .   K - +10 tower shield of Ignorance {rN+ Int-4}
rNeg     + + .     Spirit   .   D - +0 plate armour
rPois    .         Reflect  .   n - +0 helmet
rElec    .         Harm     .   F - +1 cloak
rCorr    .         Rampage  .   G - +2 pair of gloves
Will     +....                  (no boots)
Stlth    ..........             j - amulet of the acrobat
HPRegen  0.00/turn              y - +6 ring of strength
MPRegen  0.16/turn              P - ring "Ebraolo" {rF+ AC+4}

@: lethally poisoned (0 -> 0)
A: damage resistance, heal wounds, sense surroundings 2, no regeneration
a: Heal Wounds, Renounce Religion, Minor Destruction, Lesser Servant of Makhleb,
Major Destruction


You were on level 2 of the Spider Nest.
You worshipped Makhleb.
Makhleb was greatly pleased with you.
You visited 4 branches of the dungeon, and saw 14 of its levels.
You also visited: Sewer, Ossuary and Gauntlet.

You collected 1325 gold pieces.
You spent 812 gold pieces at shops.

Inventory:

Hand Weapons
 B - the +9 hand axe "Byetuare" (weapon) {vamp, rN+}
   (You bought it in a shop on level 4 of the Dungeon)

   It occasionally heals its wielder for a portion of the damage dealt when it
   wounds a living foe.
   rN:        It protects you from negative energy.
Missiles
 k - a throwing net (quivered)
Armour
 n - a +0 helmet (worn)
 D - a +0 plate armour (worn)
 F - a +1 cloak (worn)
 G - a +2 pair of gloves (worn)
 K - the +10 tower shield of Ignorance (worn) {rN+ Int-4}
   (You found it on level 8 of the Dungeon)

   Int:       It affects your intelligence (-4).
   rN:        It protects you from negative energy.
Jewellery
 j - an amulet of the acrobat (around neck)
 y - a +6 ring of strength (left hand)
 z - a ring of protection from cold
 P - the ring "Ebraolo" (right hand) {rF+ AC+4}
   (You found it in a Gauntlet)

   [ring of protection]

   AC:        It affects your AC (+4).
   rF:        It protects you from fire.
 T - a ring of flight
Wands
 C - a wand of iceblast (26)
 L - a wand of mindburst (16)
 M - a wand of polymorph (29)
 S - a wand of flame (29)
 U - a wand of digging (6)
Scrolls
 a - a scroll of fog {unknown}
 b - a scroll of enchant weapon
 e - 8 scrolls of teleportation
 g - 2 scrolls of immolation
 h - a scroll of brand weapon {unknown}
 l - 3 scrolls of blinking {unknown}
 v - 5 scrolls of vulnerability
 w - a scroll of summoning {unknown}
 A - 2 scrolls of enchant armour {unknown}
 H - 3 scrolls of magic mapping {unknown}
 N - 4 scrolls of fear
 O - a scroll of holy word {unknown}
Potions
 c - a potion of heal wounds {unknown}
 d - 2 potions of might
 f - a potion of berserk rage {unknown}
 i - a potion of attraction {unknown}
 m - 5 potions of resistance
 o - 4 potions of haste
 p - 4 potions of invisibility
 q - 3 potions of mutation {unknown}
 r - 2 potions of cancellation {unknown}
 s - a potion of magic {unknown}
 t - a potion of lignification {unknown}
 u - 6 potions of curing {unknown}
 x - 4 potions of flight {unknown}
 E - 2 potions of ambrosia
 Q - a potion of brilliance {unknown}


   Skills:
 + Level 9.2 Fighting
 + Level 14.0 Axes
 + Level 10.7 Armour
 + Level 10.8 Shields
 + Level 7.0 Necromancy
 + Level 11.0 Invocations


You had 11 spell levels left.
You knew the following spells:

 Your Spells              Type           Power      Damage    Failure   Level
a - Animate Skeleton      Necr           10%        N/A       77%         1

Your spell library contained the following spells:

 Spells                   Type           Power      Damage    Failure   Level
 Sublimation of Blood     Necr           2%         N/A       88%         2
 Apportation              Tloc           0%         N/A       100%        1
 Beastly Appendage        Tmut           0%         N/A       100%        1
 Corona                   Hex            0%         N/A       100%        1
 Shock                    Conj/Air       0%         1d3       100%        1
 Summon Small Mammal      Summ           0%         N/A       100%        1
 Slow                     Hex            0%         N/A       100%        2
 Wereblood                Tmut           0%         N/A       100%        2
 Confusing Touch          Hex            0%         N/A       100%        3
 Gell's Gravitas          Tloc           0%         N/A       100%        3
 Lesser Beckoning         Tloc           0%         N/A       100%        3
 Ozocubu's Armour         Ice            0%         N/A       100%        3
 Spider Form              Tmut/Pois      0%         N/A       100%        3
 Stone Arrow              Conj/Erth      0%         3d7       100%        3
 Swiftness                Air            0%         N/A       100%        3
 Teleport Other           Tloc           0%         N/A       100%        3
 Airstrike                Air            0%         N/A       100%        4
 Animate Armour           Summ/Erth      0%         N/A       100%        4
 Freezing Cloud           Conj/Ice/Air   0%         6-21      100%        5
 Iskenderun's Battlesphe  Conj           0%         2d6       100%        5
 Metabolic Englaciation   Hex/Ice        0%         N/A       100%        5
 Yara's Violent Unravell  Hex/Tmut       0%         3d3       100%        5
 Iron Shot                Conj/Erth      0%         9d1       100%        6
 Simulacrum               Ice/Necr       1%         N/A       100%        6
 Spellforged Servitor     Conj/Summ      0%         N/A       100%        7
 Summon Hydra             Summ           0%         N/A       100%        7
 Lehudib's Crystal Spear  Conj/Erth      0%         10d2      100%        8
 Polar Vortex             Ice            0%         N/A       100%        9


Dungeon Overview and Level Annotations

Branches:
Dungeon (8/15)             Temple (1/1) D:7            Lair (3/6) D:8
 Spider (2/4) Lair:3        Sewer (visited)         Ossuary (visited)
Gauntlet (visited)
  Swamp: Lair:2-4    Shoals: Lair:2-4

Altars:
Elyvilon
Fedhas
Gozag
Hepliaklqana
Kikubaaqudgha
Makhleb
Nemelex Xobeh
Okawaru
Ru
Trog
Uskayaw
Vehumet
Wu Jian
Xom
Yredelemnul
Zin
The Shining One

Shops:
D:4 :(((

Annotations:
Spider:2 Arachne


Innate Abilities, Weirdness & Mutations

You are resistant to damage.
You can heal yourself by infusing magical energy.
You passively map the area around you.
You do not regenerate.


Message History

Arachne blinks!
You slash the spark wasp!
You feel better.
The spark wasp is lightly wounded.
Your plate armour prevents you from hitting the wolf spider.
You block the wolf spider's attack. x2
The spark wasp stings you but does no damage.
You miss the spark wasp.
The spark wasp is lightly wounded.
You slash the wolf spider!
The wolf spider hits you but does no damage.
You block the wolf spider's attack. You block the spark wasp's attack.
You feel you are being watched by something.
Arachne mumbles some strange words.
Arachne blinks!
The wolf spider hits you but does no damage.
You block the wolf spider's attack.
You hit the spark wasp.
You feel better.
The spark wasp is lightly wounded.
You hit the wolf spider. You block the spark wasp's attack.
Arachne mumbles some strange words.
Arachne blinks!
You feel you are being watched by something.
You feel your power leaking away.
You block the wolf spider's attack. x2; The spark wasp closely misses you.
You barely miss the spark wasp.
The spark wasp is lightly wounded.
You slash the wolf spider! The wolf spider hits you.
The wolf spider bites you but does no damage.
You feel you are being watched by something.
You block the spark wasp's attack.
You closely miss the spark wasp.
The spark wasp is lightly wounded.
You hit the wolf spider.
The wolf spider hits you but does no damage.
You block the wolf spider's attack. You block the spark wasp's attack.
The wolf spider barely misses you. You block the wolf spider's attack.
You hit the spark wasp.
You feel better.
The spark wasp is lightly wounded.
You slash the wolf spider!
You feel better. The spark wasp stings you!!
You die...

...####.....####.## * , *
, ....# ##.#.## ### , , *
##.## ##### * , ### , ,
,.# .# ,, ....s ,, #
#.ss.ยง, , ##### ######
^#..,# ##..##
#...@#*#....^., #....#####
##..ys##..#..>. ,
.#...##.^###.s.#s{#.......
* ....#.....#...#.sHs...#*
,
.#..#.^#.....###..^..#...#
.......##........#..#..^##
........##..#..........##
........#####.....#....#
######### ############


You could see Arachne, a spark wasp, 2 demonic crawlers, a wolf spider, an orb
spider and a tarantella.

Vanquished Creatures
  Gastronok (Lair:3)
  A minotaur (Gauntlet)
  A boulder beetle (Lair:1)
  2 hydras (Lair:3)
  A two-headed ogre (D:5)
  Erica (Lair:1)
  A deep elf pyromancer (D:8)
  Pikel (D:8)
  4 orb spiders (Spider:1)
  11 wolf spiders
  3 black mambas
  A torpor snail (Lair:2)
  3 cane toads
  5 komodo dragons
  4 demonic crawlers
  A troll (D:8)
  7 jumping spiders
  A harpy zombie (Gauntlet)
  Prince Ribbit (D:7)
  5 blink frogs (Lair:2)
  A vampire (D:8)
  2 large abominations (Gauntlet)
  18 redbacks
  13 tarantellas
  16 yaks
  4 fire bats (D:8)
  3 steam dragons
  8 water moccasins
  The ghost of moritonal the Conjurer, an amateur DECj (D:5)
  A hell hound (D:8)
  Duvessa (D:7)
  An ice beast (D:7)
  3 black bears
  3 ogres
  2 sky beasts
  An orc warrior (D:7)
  5 wolves
  A necrophage (D:6)
  A phantom (D:6)
  3 centaurs
  A lemure (D:8)
  3 kobold brigands (Sewer)
  8 bullfrogs
  Blork the orc (D:6)
  A gnoll sergeant (D:8)
  Dowan (D:7)
  A scorpion (D:6)
  A water moccasin skeleton (D:4)
  4 wights (D:6)
  2 jellies
  3 electric eels
  2 lava snakes (D:8)
  2 centaur zombies
  7 hounds
  4 orc priests
  Crazy Yiuf (D:7)
  3 centaur skeletons
  2 iguanas
  4 orc wizards
  4 small abominations (Gauntlet)
  2 mummies (Ossuary)
  A hound skeleton (D:5)
  9 gnolls
  10 adders
  5 river rats (Sewer)
  2 worms
  3 dart slugs
  13 orcs
  10 ball pythons
  12 endoplasms
  4 giant cockroaches
  5 goblins
  6 hobgoblins
  3 jackals
  4 quokkas (D:3)
  8 bats
  5 frilled lizards
  3 gnoll zombies (Ossuary)
  5 goblin zombies (Ossuary)
  4 hobgoblin zombies (Ossuary)
  20 kobolds
  An orc zombie (Ossuary)
  21 rats
  2 fire vortices (D:8)
  A toadstool (D:4)
357 creatures vanquished.

Vanquished Creatures (collateral kills)
  A hydra (Lair:3)
1 creature vanquished.

Vanquished Creatures (others)
  A fire vortex (D:8)
  14 fungi
  23 plants
  3 toadstools (D:4)
41 creatures vanquished.

Grand Total: 399 creatures vanquished

Notes
Turn   | Place    | Note
-------+----------+-------------------------------------------
     0 | D:1      | Kala the Deep Dwarf Fighter began the quest for the Orb.
     0 | D:1      | Reached XP level 1. HP: 20/20 MP: 1/1
   153 | D:1      | Reached XP level 2. HP: 24/27 MP: 2/2
   851 | D:2      | Reached skill level 3 in Axes
   855 | D:2      | Reached XP level 3. HP: 26/34 MP: 3/3
  1464 | D:2      | Reached XP level 4. HP: 20/42 MP: 4/4
  1865 | D:3      | Found a faded altar of an unknown god.
  2000 | D:3      | Found a glowing drain.
  2022 | D:3      | Reached skill level 4 in Axes
  2028 | Sewer    | Entered a sewer
  2047 | Sewer    | Reached XP level 5. HP: 49/49 MP: 5/5
  2178 | Sewer    | Reached skill level 5 in Axes
  2178 | Sewer    | Reached XP level 6. HP: 31/57 MP: 6/6
  2558 | D:3      | Found a shimmering altar of Xom.
  2623 | D:3      | You fall into a shaft and drop 2 floors!
  2623 | D:5      | Entered Level 5 of the Dungeon
  2641 | D:5      | Reached XP level 7. HP: 40/64 MP: 7/7
  2676 | D:5      | Reached skill level 5 in Shields
  2729 | D:4      | Reached skill level 5 in Armour
  2789 | D:4      | Found Kockicay's Weapon Shop.
  2834 | D:4      | Reached skill level 6 in Axes
  2964 | D:4      | Found Rinudwin's Book Shop.
  3154 | D:4      | Found a basalt altar of Yredelemnul.
  3211 | D:4      | Found Jiah's Antique Weapon Shoppe.
  3285 | D:4      | Found Xosotyip's Weapon Shoppe.
  3347 | D:4      | Found a glowing silver altar of Zin.
  3792 | D:5      | Identified the +7 dire flail "Eryjiz" {vorpal, rF+++ rC-
                  | rN++ Str-5}
  3792 | D:5      | Noticed moritonal's ghost (amateur DECj)
  3796 | D:5      | Found a transporter.
  3797 | D:5      | Found a transporter.
  3799 | D:5      | You fall into a shaft and drop 3 floors!
  3799 | D:8      | Found a faded altar of an unknown god.
  3799 | D:8      | Found a faded altar of an unknown god.
  3799 | D:8      | Found a hazy altar of Hepliaklqana.
  3836 | D:8      | Reached XP level 8. HP: 48/73 MP: 8/8
  3894 | D:7      | Found a staircase to the Ecumenical Temple.
  3895 | D:7      | Found a sparkling altar of Nemelex Xobeh.
  3902 | Temple   | Entered the Ecumenical Temple
  3910 | Temple   | Became a worshipper of Makhleb the Destroyer
  3969 | D:7      | Reached skill level 7 in Axes
  3977 | D:7      | Reached skill level 1 in Invocations
  4004 | D:7      | Found a sand-covered staircase.
  4013 | Ossuary  | Entered an ossuary
  4210 | D:7      | Found a glowing golden altar of the Shining One.
  4210 | D:7      | Found a blossoming altar of Fedhas.
  4218 | D:7      | Found a faded altar of an unknown god.
  4220 | D:7      | Found a faded altar of an unknown god.
  4222 | D:7      | Found a radiant altar of Vehumet.
  4263 | D:7      | Noticed Duvessa
  4263 | D:7      | Noticed Dowan
  4287 | D:6      | Noticed Blork the orc
  4302 | D:6      | Killed Blork the orc
  4328 | D:6      | Reached skill level 5 in Fighting
  4337 | D:6      | Reached * piety under Makhleb
  4357 | D:6      | Reached skill level 8 in Axes
  4437 | D:6      | Gained mutation: You passively map the area around you.
                  | [Deep Dwarf growth]
  4437 | D:6      | Reached XP level 9. HP: 30/81 MP: 10/10
  4540 | D:4      | Bought the +9 hand axe "Byetuare" {vamp, rN+} for 652 gold
                  | pieces
  4918 | D:5      | Noticed a two-headed ogre
  4925 | D:5      | Killed a two-headed ogre
  4926 | D:5      | Reached skill level 9 in Axes
  5044 | D:5      | Killed moritonal's ghost
  5096 | D:6      | Reached skill level 5 in Invocations
  5501 | D:7      | Killed Duvessa
  5503 | D:7      | Killed Dowan
  5549 | D:7      | Noticed Prince Ribbit
  5563 | D:7      | Killed Prince Ribbit
  5750 | D:7      | Found a runed translucent door.
  5751 | D:7      | Noticed Crazy Yiuf
  5786 | D:7      | Killed Crazy Yiuf
  5787 | D:7      | Reached XP level 10. HP: 89/91 MP: 13/13
  5943 | D:8      | Found a staircase to the Lair.
  5956 | D:8      | Reached skill level 10 in Axes
  5980 | D:8      | Reached ** piety under Makhleb
  6153 | D:8      | Identified the amulet "Xunep Oqi" {RegenMP Rampage rF+
                  | Stlth+}
  6209 | D:8      | Found the +10 tower shield of Ignorance {rN+ Int-4}
  6260 | D:8      | Noticed Pikel
  6275 | D:8      | Killed Pikel
  6733 | D:8      | Noticed a deep elf pyromancer
  6751 | D:8      | Killed a deep elf pyromancer
  6764 | D:8      | Identified the +5 rapier of Quabex {vorpal, Str+3 SInv}
  6875 | D:7      | Reached skill level 11 in Axes
  7167 | Lair:1   | Entered Level 1 of the Lair of Beasts
  7291 | D:4      | Bought a book of Cantrips for 160 gold pieces
  7293 | D:4      | Learned a level 1 spell: Animate Skeleton
  7490 | Lair:1   | Reached skill level 1 in Necromancy
  7496 | Lair:1   | Reached XP level 11. HP: 100/100 MP: 15/15
  7577 | Lair:1   | Found a hide-covered altar of Uskayaw.
  7578 | Lair:1   | Noticed a boulder beetle
  7579 | Lair:1   | Found an ornate altar of the Wu Jian Council.
  7666 | Lair:1   | Killed a boulder beetle
  7856 | Lair:1   | Noticed Erica
  7868 | Lair:1   | Killed Erica
  8422 | Lair:2   | Found a gate leading to a gauntlet.
  8426 | Gauntlet | Entered a Gauntlet
  8426 | Gauntlet | Found a transporter.
  8429 | Gauntlet | Found a transporter.
  8432 | Gauntlet | Found a transporter.
  8435 | Gauntlet | Found a transporter.
  8436 | Gauntlet | Found a transporter.
  8437 | Gauntlet | Found a transporter.
  8441 | Gauntlet | Noticed a death drake
  8443 | Gauntlet | Noticed a death drake
  8445 | Gauntlet | Found a transporter.
  8448 | Gauntlet | Found a transporter.
  8465 | Gauntlet | Found a transporter.
  8482 | Gauntlet | Found a transporter.
  8486 | Gauntlet | Found a transporter.
  8486 | Gauntlet | Noticed an orange crystal statue
  8494 | Gauntlet | Found a transporter.
  8507 | Gauntlet | Noticed a large abomination
  8640 | Gauntlet | Identified the ring "Ebraolo" {rF+ AC+4}
  8680 | Gauntlet | Reached skill level 12 in Axes
  8681 | Gauntlet | Reached *** piety under Makhleb
  8697 | Gauntlet | Killed a large abomination
  8781 | Gauntlet | Noticed a minotaur
  8799 | Gauntlet | Killed a minotaur
  9081 | Lair:2   | Reached XP level 12. HP: 110/110 MP: 15/15
  9458 | Lair:3   | Noticed Gastronok
  9458 | Lair:3   | Noticed a seven-headed hydra
  9508 | Lair:3   | Noticed a six-headed hydra
  9683 | Lair:3   | Noticed a five-headed hydra
  9692 | Lair:3   | Killed a five-headed hydra
  9702 | Lair:3   | Noticed an eight-headed hydra
  9730 | Lair:3   | Killed a nine-headed hydra
  9737 | Lair:3   | Killed a six-headed hydra
  9826 | Lair:3   | Reached skill level 5 in Necromancy
  9841 | Lair:3   | Reached skill level 13 in Axes
  9865 | Lair:3   | Found a hole to the Spider Nest.
  9895 | Lair:3   | Killed Gastronok
  9896 | Lair:3   | Reached skill level 10 in Shields
  9917 | Lair:3   | Reached skill level 10 in Armour
 10136 | Spider:1 | Entered Level 1 of the Spider Nest
 10171 | Lair:3   | Reached skill level 10 in Invocations
 10206 | Lair:3   | Reached **** piety under Makhleb
 10297 | Spider:1 | Reached XP level 13. HP: 120/120 MP: 17/17
 10627 | Spider:1 | Reached skill level 14 in Axes
 11421 | Spider:2 | Noticed Arachne
 11431 | Spider:2 | Noticed a spark wasp
 11437 | Spider:2 | HP: 4/121 [Arachne (28)]
 11444 | Spider:2 | Slain by a spark wasp

Illustrated notes

Levels and vault maps discovered:
D:1:      shiori_arrival_maze, layout_loops_corners
D:2:      minmay_chambers_of_twos, layout_basic, minmay_tromino_v4_b
D:3:      layout_loops_ring, mainiacjoe_overflow_alcove_1, gup_sewer_entry_pipe,
          ebering_ecumenical_altar_ruins
D:4:      layout_loops_ring, yredelemnul_altar_generic, zin_scriptorium,
          serial_shops, shop, shop_fountains, shop, nicolae_shop_crystal,
          minmay_gold_behind_fungi
D:5:      layout_basic, gammafunk_ghost_smash
D:6:      layout_layer_cave, uniq_blork_the_orc
D:7:      kennysheep_steamy, layout_rooms, chequers_temple_overflow_minitemple,
          mainiacjoe_overflow_cross_hatched, minmay_temple_entry_trees,
          enter_ossuary_1, uniq_prince_ribbit1, uniq_crazy_yiuf_cottage,
          uniq_duvessa
D:8:      layout_loops_ring, nicolae_hepliaklqana_ecumenical_no_more,
          erik_lair_island, small_chamber_with_monster, hangedman_incinerator,
          uniq_pikel
Temple:   eino_narrow_crystal_temple
Lair:1:   layout_regular_city, nzn_masters_of_martial_movement, uniq_erica
Lair:2:   layout_roguey, gauntlet_entry_generic
Lair:3:   layout_cave_shapes, spider_nest_entry_a, wad_woods_road_02,
          beast_lair_carwin_9, infiniplex_staircase_pool_2, uniq_gastronok
Spider:1: layout_spider_delve, drop_trap
Spider:2: layout_spider_delve, uniq_aizul, uniq_arachne

Skill      XL: |  1  2  3  4  5  6  7  8  9 10 11 12 13 |
---------------+----------------------------------------+-----
Axes           | 3 4 5 6 8 9 11 12 13 14 | 14.0
Fighting       | 3 4 5 6 7 8 9 |  9.2
Armour         | 4 5 6 7 8 9 10 | 10.7
Shields        | 4 5 6 7 8 9 10 | 10.8
Invocations    | 3 5 7 8 10 11 | 11.0
Necromancy     | 1 4 6 7 |  7.0

Action                   |  1- 3 |  4- 6 |  7- 9 | 10-12 | 13-15 || total
-------------------------+-------+-------+-------+-------+-------++-------
Melee: War axe           |   102 |   186 |   232 |       |       ||   520
       Hand axe          |       |       |    70 |   633 |   237 ||   940
Throw: Throwing net      |       |       |       |     1 |       ||     1
Invok: Minor Destruction |       |       |       |    21 |       ||    21
       Lesser Servant of |       |       |       |     1 |       ||     1
 Abil: Heal Wounds       |       |     3 |     8 |    11 |     4 ||    26
  Use: Scroll            |       |       |     4 |     2 |     2 ||     8
Armor: Scale mail        |    20 |       |       |       |       ||    20
       Chain mail        |    32 |   124 |   140 |       |       ||   296
       Plate armour      |       |       |     5 |   298 |   173 ||   476
Dodge: Dodged            |    39 |    65 |    90 |   103 |    36 ||   333
Block: Kite shield       |    46 |   143 |   197 |    46 |       ||   432
       Tower shield      |       |       |       |   811 |   382 ||  1193
